 Dungeon Crawl Stone Soup version 0.27.0-1-g7a089689b8 (webtiles) character file.

Game seed: 11320819707088509621

58 gimp the Magician (level 3, -6/28 HPs)
             Began as a Mummy Warper on Aug 10, 2021.
             Killed from afar by Sigmund (7 damage)
             ... with a magic dart
             ... on level 3 of the Dungeon.
             The game lasted 00:02:50 (2909 turns).

gimp the Magician (Mummy Warper)                    Turns: 2909, Time: 00:02:50

Health: -6/28      AC:  3    Str: 14    XL:     3   Next: 75%
Magic:  7/7        EV: 11    Int: 13    God:
Gold:   120        SH:  0    Dex: 11    Spells: 8/8 levels left

rFire    x . .     SeeInvis .   a - +0 spear
rCold    + . .     Faith    .   (no shield)
rNeg     + + +     Spirit   .   b - +0 leather armour
rPois    ∞         Reflect  .   (no helmet)
rElec    .         Harm     .   (no cloak)
rCorr    .         Rampage  .   (no gloves)
Will     .....                  (no boots)
Stlth    +.........             (no amulet)
HPRegen  0.09/turn              (no ring)
MPRegen  0.10/turn              (no ring)

@: about to teleport, weak-willed
A: cold resistance 1, negative energy resistance 3, torment resistance 2, heat
vulnerability 1, no potions
a: no special abilities


You were on level 3 of the Dungeon.
You visited 1 branch of the dungeon, and saw 3 of its levels.

You collected 120 gold pieces.

Inventory:

Hand Weapons
 a - a +0 spear (weapon)
 j - a +0 trident
Missiles
 d - 5 boomerangs of dispersal (quivered)
 l - 4 boomerangs
Armour
 b - a +0 leather armour (worn)
Scrolls
 e - a scroll of fog {unknown}
 f - a scroll of vulnerability
 g - a scroll of enchant armour {unknown}
 h - a scroll of fear {unknown}
 i - a scroll of teleportation
 k - a scroll of amnesia {unknown}
 m - a scroll of identify {unknown}


   Skills:
 + Level 2.6 Fighting
 * Level 2.7 Polearms
 - Level 0.7 Throwing
 - Level 0.7 Armour
 - Level 1.5 Dodging
 + Level 3.4 Spellcasting
 - Level 2.4 Translocations


You had 8 spell levels left.
You didn't know any spells.
Your spell library contained the following spells:

 Spells                   Type           Power      Damage    Failure   Level
 Blink                    Tloc           N/A        N/A       16%         2
 Gell's Gravitas          Tloc           4%         N/A       30%         3
 Lesser Beckoning         Tloc           4%         N/A       30%         3
 Teleport Other           Tloc           8%         N/A       30%         3
 Passwall                 Tmut/Erth      1%         N/A       38%         2
 Swiftness                Air            2%         N/A       63%         3
 Manifold Assault         Tloc           8%         N/A       96%         5
 Invisibility             Hex            1%         N/A       100%        6


Dungeon Overview and Level Annotations

Branches:
Dungeon (3/15)

Altars:

Annotations:
D:2 1 runed translucent door, Crazy Yiuf
D:3 Sigmund


Innate Abilities, Weirdness & Mutations

You are immune to poison.
Your flesh is cold resistant. (rC+)
You are immune to negative energy. (rN+++)
You are immune to unholy pain and torment.
You are vulnerable to heat. (rF-)
You do not drink.


Message History

There is an open door here.
Found a yellow potion.
Health restored: 28
Found 21 sling bullets.
f - 2 scrolls labelled OFESEE VYBUAMP (gained 1)
A goblin and Sigmund come into view.
Sigmund shouts!
The goblin shouts!
Sigmund drinks a potion.
Sigmund seems to speed up.
There are monsters nearby!
You can't drink.
Unknown command.
Okay, then.
Sigmund gestures at you while chanting. The magic dart hits you.
You take 4 damage, and have 24/28 hp.
Sigmund barely misses you. The goblin misses you.
Sigmund laughs darkly.
Sigmund gestures wildly while chanting.
Sigmund flickers and vanishes!
Deactivating autopickup; reactivate with Ctrl-A.
Something hits you.
You take 6 damage, and have 19/28 hp.
MASSIVE DAMAGE!!
Something hits you!
You take 9 damage, and have 10/28 hp.
MASSIVE DAMAGE!!
Okay, then.
As you read the scroll labelled OFESEE VYBUAMP, it crumbles to dust.
Magic quickly surges around you.
It was a scroll of vulnerability.
Something hits you!
* * * LOW HITPOINT WARNING * * *
You take 9 damage, and have 1/28 hp.
MASSIVE DAMAGE!!
Blink to where?
Press: ? - help, Dir - move target
As you read the scroll of blinking, it crumbles to dust.
As you read the scroll labelled BEOPNO IQ ZIAR, it crumbles to dust.
You feel strangely unstable.
It was a scroll of teleportation.
A puff of flame appears from out of thin air!
The puff of flame misses you.
A magic dart appears from out of thin air!
The magic dart hits you!
You die...

.........'...#
#..#####.#..#.##
.........##..#
###{.# ##.#..#.#
.........##..#
#..### ##.#..#.
####.######.!####..#
##.#... #.
#..##..### ##.#.. #
#..###..# ##.#.
#..#..### ##..
#..#...+ #.
########..##@#######
##
....(...............
########.#.#.#####.#
#.#.#.# #.#.#.#
#.#.#.# #.#.#.#
#.#...# #.#####


There were no monsters in sight!

Vanquished Creatures
  An adder (D:3)
  5 ball pythons
  3 endoplasms
  3 giant cockroaches
  7 hobgoblins
  8 jackals (D:1)
  A quokka (D:1)
  2 bats (D:1)
  A frilled lizard (D:1)
  4 goblins
  3 kobolds
  4 rats
42 creatures vanquished.

Vanquished Creatures (others)
  4 fungi (D:1)
  9 plants (D:1)
13 creatures vanquished.

Grand Total: 55 creatures vanquished

Notes
Turn   | Place    | Note
-------+----------+-------------------------------------------
     0 | D:1      | gimp the Mummy Warper began the quest for the Orb.
     0 | D:1      | Reached XP level 1. HP: 16/16 MP: 4/4
   414 | D:1      | Reached XP level 2. HP: 14/22 MP: 5/5
   426 | D:1      | Reached skill level 3 in Spellcasting
  1148 | D:1      | Found a faded altar of an unknown god.
  1539 | D:1      | Reached XP level 3. HP: 25/28 MP: 7/7
  2137 | D:2      | Found a runed translucent door.
  2138 | D:2      | Noticed Crazy Yiuf
  2891 | D:3      | Noticed Sigmund
  2905 | D:3      | HP: 1/28 [something (9)]
  2909 | D:3      | Killed from afar by Sigmund

Illustrated notes

Levels and vault maps discovered:
D:1:      elethiomel_arrival_maze, layout_loops_ring,
          shapermc_ecumenical_altar_mp_ritualfount, minmay_tall_x
D:2:      layout_loops_ring, uniq_crazy_yiuf_cottage
D:3:      minmay_razor_zed, layout_basic, mainiacjoe_overflow_catwalk,
          minmay_misc_feat_four_crosses, uniq_sigmund

Skill      XL: |  1  2 |
---------------+-------+-----
Polearms       | 2 |  2.7
Spellcasting   | 3 |  3.4
Fighting       | |  2.6
Throwing       | |  0.7
Armour         | |  0.7
Dodging        | |  1.5
Translocations | |  2.4

Action                   || total
-------------------------++-------
Melee: Spear             ||   192
  Use: Scroll            ||     3
 Stab: Sleeping          ||     1
Armor: Leather armour    ||    50
Dodge: Dodged            ||    90
